 Dungeon Crawl Stone Soup version 0.31-a0-214-gb37851dbb3 (webtiles) character file.

Game seed: 8016496828954759449

1433372 Midn8 the Conqueror (level 26, 266/266 HPs)
             Began as a Red Draconian Earth Elementalist on July 1, 2023.
             Was the Champion of Vehumet.
             Escaped with the Orb
             ... and 3 runes on July 2, 2023!
             The game lasted 05:10:29 (100979 turns).

Midn8 the Conqueror (DrEE)                        Turns: 100979, Time: 05:10:30

Health: 266/266    AC: 23    Str: 13    XL:     26   Next: 90%
Magic:  44/44      EV:  8    Int: 42    God:    Vehumet [******]
Gold:   4979       SH: 29    Dex: 15    Spells: 15/69 levels left

rFire   + + +        b - +4 long sword "Narreth" {speed, rF+ rC- Will+ Int+7}
rCold   . . .        a - +18 shield of the Gong {Loud rN+ Will+ rCorr EV-5}
rNeg    + + +        (body armour unavailable)
rPois   .            U - +2 hat {Int+3}
rElec   .            C - +2 cloak of the Thief {*Fog Slay-2 SInv Stlth+}
rCorr   +            u - +2 pair of gloves
SInv    +            S - +2 pair of boots
Will    +++..        c - amulet of regeneration
Stlth   ++           E - ring "Gatasisma" {Fly rF+ rN+ Int+4}
HPRegen 1.44/turn    Y - ring of Ydinwad {rC+ rN+ Int+3 Dex+3 Slay+4}
MPRegen 0.29/turn

%: no passive effects
@: flying, studying Stealth
A: breathe fire, AC +12, unfitting armour, fire resistance 1, cold-blooded, low
MP 1
0: Orb of Zot
}: 3/15 runes: serpentine, barnacled, silver
a: Breathe Fire, Renounce Religion


You escaped.
You worshipped Vehumet.
Vehumet was exalted by your worship.
You visited 10 branches of the dungeon, and saw 50 of its levels.
You also visited: Ice Cave and Desolation.

You collected 9026 gold pieces.
You spent 4047 gold pieces at shops.

Inventory:

Hand Weapons
 b - the +4 long sword "Narreth" (weapon) {speed, rF+ rC- Will+ Int+7}
   (You found it on level 4 of the Lair of Beasts)

   Int:       It affects your intelligence (+7).
   rF:        It protects you from fire.
   rC:        It makes you vulnerable to cold.
   Will:      It increases your willpower.
Missiles
 m - 5 throwing nets
 s - 8 silver javelins
 Q - 14 curare-tipped darts
Armour
 a - the +18 shield of the Gong (worn) {Loud rN+ Will+ rCorr EV-5}
   (You found it on level 2 of the Vaults)

   Loud:      It is deafeningly noisy when blocking attacks.
   EV:        It affects your evasion (-5).
   rN:        It protects you from negative energy.
   rCorr:     It protects you from acid and corrosion.
   Will:      It increases your willpower.
 u - a +2 pair of gloves (worn)
 C - the +2 cloak of the Thief (worn) {*Fog Slay-2 SInv Stlth+}
   (You bought it in a shop on level 2 of the Vaults)

   *Fog:      It may release a thick cloud of smoke when the wearer is hurt.
   Slay:      It affects your accuracy & damage with ranged weapons and melee
   (-2).
   SInv:      It lets you see invisible.
   Stlth:     It makes you more stealthy.
 H - a +2 buckler of reflection
 S - a +2 pair of boots (worn)
 U - a +2 hat of intelligence (worn)
Magical Staves
 L - a staff of earth
Jewellery
 c - an amulet of regeneration (around neck)
 D - a +4 ring of protection
 E - the ring "Gatasisma" (left hand) {Fly rF+ rN+ Int+4}
   (You found it on level 15 of the Dungeon)

   [ring of protection from fire]

   Int:       It affects your intelligence (+4).
   rF:        It protects you from fire.
   rN:        It protects you from negative energy.
   Fly:       It grants you flight.
 I - a ring of wizardry
 P - a +6 ring of intelligence
 Y - the ring of Ydinwad (right hand) {rC+ rN+ Int+3 Dex+3 Slay+4}
   (You found it on level 5 of the Vaults)

   [ring of slaying]

   Int:       It affects your intelligence (+3).
   Dex:       It affects your dexterity (+3).
   Slay:      It affects your accuracy & damage with ranged weapons and melee
   (+4).
   rC:        It protects you from cold.
   rN:        It protects you from negative energy.
Wands
 f - a wand of iceblast (50)
 B - a wand of paralysis (70)
 G - a wand of digging (8)
 M - a wand of polymorph (21)
 N - a wand of flame (81)
 O - a wand of quicksilver (56)
Scrolls
 d - 8 scrolls of enchant weapon
 k - 12 scrolls of fear
 o - 9 scrolls of amnesia
 p - 7 scrolls of fog
 q - 20 scrolls of teleportation
 r - 13 scrolls of vulnerability
 x - 27 scrolls of identify
 y - 7 scrolls of enchant armour
 z - 8 scrolls of revelation
 T - 10 scrolls of blinking
 Z - a scroll of acquirement
Potions
 e - 8 potions of resistance
 g - 2 potions of magic
 h - 7 potions of haste
 i - 11 potions of mutation
 j - a potion of invisibility
 l - 13 potions of might
 t - 14 potions of heal wounds
 v - 3 potions of ambrosia
 w - 2 potions of cancellation
 F - 25 potions of curing
 V - 3 potions of berserk rage
 W - 7 potions of brilliance
 X - 9 potions of enlightenment
Miscellaneous
 n - a phantom mirror
 A - a box of beasts
 J - a piece from Xom's chessboard (15/15)
 K - a phial of floods
 R - a tin of tremorstones (2/2)


   Skills:
 O Level 27 Fighting
 - Level 6.0 Short Blades
 - Level 5.0 Dodging
 - Level 4.0 Stealth
 - Level 10.0 Shields
 - Level 22.0 Spellcasting
 - Level 15.4 Conjurations
 - Level 8.0 Summonings
 - Level 10.0 Necromancy
 - Level 5.0 Transmutations
 - Level 14.0 Fire Magic
 - Level 2.0 Air Magic
 - Level 24.0 Earth Magic
 - Level 8.0 Poison Magic
 + Level 13.0 Evocations


You had 15 spell levels left.
You knew the following spells:

 Your Spells              Type           Power      Damage    Failure   Level
a - Lehudib's Crystal Sp  Conj/Erth      59%        10d14     1%          8
b - Sublimation of Blood  Necr           92%        N/A       1%          2
d - Leda's Unmaking       Conj/Erth      59%        9d10      1%          6
e - Irradiate             Conj/Tmut      46%        3d27      1%          5
n - Ignition              Fire           52%        3d14      6%          8
r - Starburst             Conj/Fire      53%        6d14      1%          6
s - Shatter               Erth           64%        3d47*     1%          9
v - Spellforged Servitor  Conj/Summ      48%        N/A       2%          7
B - Blink                 Tloc           92%        N/A       1%          2
P - Apportation           Tloc           92%        N/A       1%          1

Your spell library contained the following spells:

 Spells                   Type           Power      Damage    Failure   Level
 Kiss of Death            Conj/Necr      100%       2d13      0%          1
 Magic Dart               Conj           100%       1d8       0%          1
 Sandblast                Erth           100%       2d20      0%          1
 Passwall                 Tmut/Erth      88%        N/A       0%          2
 Stone Arrow              Conj/Erth      100%       3d13      0%          3
 Lee's Rapid Deconstruct  Erth           64%        3d29*     0%          5
 Beastly Appendage        Tmut           100%       N/A       1%          1
 Necrotise                Necr           100%       1d9       1%          1
 Shock                    Conj/Air       100%       1d9       1%          1
 Slow                     Hex            100%       N/A       1%          1
 Sting                    Tmut/Pois      100%       1d8       1%          1
 Summon Small Mammal      Summ           100%       N/A       1%          1
 Call Imp                 Summ           100%       N/A       1%          2
 Cigotuvi's Dreadful Rot  Necr/Pois/Air  100%       N/A       1%          2
 Ensorcelled Hibernation  Hex/Ice        92%        N/A       1%          2
 Lesser Beckoning         Tloc           92%        N/A       1%          2
 Momentum Strike          Conj/Tloc      100%       3d10      1%          2
 Poisonous Vapours        Pois/Air       100%       N/A       1%          2
 Static Discharge         Conj/Air       100%       2-7/arc   1%          2
 Wereblood                Tmut           73%        N/A       1%          2
 Call Canine Familiar     Summ           85%        N/A       1%          3
 Dazzling Flash           Conj/Hex       100%       N/A       1%          3
 Inner Flame              Hex/Fire       81%        N/A       1%          3
 Mephitic Cloud           Conj/Pois/Air  87%        N/A       1%          3
 Spider Form              Tmut/Pois      79%        N/A       1%          3
 Summon Guardian Golem    Hex/Summ       68%        N/A       1%          3
 Swiftness                Air            58%        N/A       1%          3
 Vampiric Draining        Necr           92%        2d12      1%          3
 Volatile Blastmotes      Fire/Tloc      100%       2d18      1%          3
 Airstrike                Air            29%        2d(5-21)  1%          4
 Anguish                  Hex/Necr       36%        N/A       1%          4
 Animate Dead             Necr           92%        N/A       1%          4
 Dispel Undead            Necr           92%        3d29      1%          4
 Flame Wave               Conj/Fire      100%       2d21      1%          4
 Fulminant Prism          Conj/Hex       42%        3d19      1%          4
 Iskenderun's Mystic Bla  Conj/Tloc      84%        2d17      1%          4
 Leda's Liquefaction      Hex/Erth       49%        N/A       1%          4
 Olgreb's Toxic Radiance  Pois           85%        N/A       1%          4
 Petrify                  Tmut/Erth      100%       N/A       1%          4
 Sticky Flame             Conj/Fire      100%       2d11      1%          4
 Summon Ice Beast         Ice/Summ       68%        N/A       1%          4
 Summon Lightning Spire   Summ/Air       73%        N/A       1%          4
 Agony                    Necr           92%        N/A       1%          5
 Alistair's Intoxication  Tmut/Pois      52%        N/A       1%          5
 Arcjolt                  Conj/Air       43%        1d53      1%          5
 Borgnjor's Vile Clutch   Necr/Erth      56%        N/A       1%          5
 Fireball                 Conj/Fire      53%        3d21      1%          5
 Freezing Cloud           Conj/Ice/Air   38%        6-21      1%          5
 Conjure Ball Lightning   Conj/Air       43%        3x3d15    1%          6
 Plasma Beam              Fire/Air       42%        2x1d56    1%          6
 Statue Form              Tmut/Erth      70%        N/A       1%          6
 Orb of Destruction       Conj           54%        9d14      1%          7
 Vhi's Electric Charge    Tloc/Air       100%       N/A       2%          3
 Death Channel            Necr           46%        N/A       2%          6
 Confusing Touch          Hex            46%        N/A       3%          3
 Gell's Gravitas          Tloc           46%        N/A       3%          3
 Ozocubu's Armour         Ice            46%        N/A       3%          3
 Portal Projectile        Hex/Tloc       92%        N/A       3%          3
 Teleport Other           Tloc           46%        N/A       3%          3
 Summon Mana Viper        Hex/Summ       68%        N/A       6%          5
 Summon Cactus Giant      Summ           42%        N/A       6%          6
 Cause Fear               Hex            23%        N/A       11%         4
 Passage of Golubria      Tloc           46%        N/A       11%         4
 Silence                  Hex/Air        26%        N/A       21%         5
 Simulacrum               Ice/Necr       36%        N/A       22%         6
 Monstrous Menagerie      Summ           42%        N/A       34%         7
 Fire Storm               Conj/Fire      53%        8d13      54%         9
 Dragon Form              Tmut           36%        N/A       75%         7
 Infestation              Necr           46%        N/A       75%         8
 Malign Gateway           Summ/Tloc      34%        N/A       87%         7
 Ozocubu's Refrigeration  Ice            23%        4d12      89%         7
 Storm Form               Tmut/Air       33%        N/A       91%         7
 Maxwell's Capacitive Co  Air            29%        ∞         99%         8
 Chain Lightning          Conj/Air       43%        3d58      99%         9
 Discord                  Hex            23%        N/A       100%        8
 Disjunction              Tloc           23%        N/A       100%        8
 Dragon's Call            Summ           42%        N/A       100%        9


Dungeon Overview and Level Annotations

Branches:
Dungeon (15/15)            Temple (0/1) D:6            Lair (5/5) D:10
 Shoals (4/4) Lair:3        Snake (4/4) Lair:2        Slime (0/5) Lair:4
    Orc (2/2) D:11            Elf (3/3) Orc:2        Vaults (5/5) D:14
  Crypt (3/3) Vaults:2       Tomb (0/3) Crypt:3      Depths (4/4) D:15
    Zot (5/5) Depths:4      IceCv (visited)         Desolation (visited)

Altars:
Cheibriados
Dithmenos
Elyvilon
Fedhas
Hepliaklqana
Kikubaaqudgha
Makhleb
Nemelex Xobeh
Sif Muna
Trog
Uskayaw
Vehumet
Wu Jian
Xom
Yredelemnul
Zin
The Shining One
Jiyva

Shops:
D:1 (   D:4 =:*   D:9 =   Orc:2 (??=:   Elf:1 :   Elf:2 *(   Elf:3 :
Snake:1 [!((*   Snake:2 :==   Snake:3 [=(   Vaults:1 [   Vaults:2 [
Vaults:5 !==?   Depths:1 *?:!!   Depths:4 ?(*

Portals:
Hell: Depths:1 Depths:2 Depths:3 Depths:4
Abyss: Depths:1 Depths:2 Depths:3 Depths:4
Pandemonium: Depths:2 Depths:3
Ziggurat: Depths:1
Bazaar: Elf:2 Depths:4

Annotations:
D:13 1 exclusion
Lair:4 1 runed translucent door
Shoals:2 6 transporters
Elf:2 3 runed translucent doors
Vaults:3 2 exclusions
Depths:1 1 exclusion
Depths:3 2 transporters


Innate Abilities, Weirdness & Mutations

You can breathe blasts of fire.
Your fiery red scales are hard. (AC +12)
You cannot fit into any form of body armour.
Your flesh is heat resistant. (rF+)
You are cold-blooded and may be slowed by cold attacks.
Your magical capacity is low. (-10% MP)


Message History

There is a stone staircase leading down here.
There is an open door here.
Things that are here:
a +0 flail; a +0 scale mail; a +4 antimagic trident
Things that are here:
6 stones; a +0 mace; a +0 club
There is a stone staircase leading up here.
You fly upwards.
There is a stone staircase leading down here.
There is a stone staircase leading up here.
You fly upwards.
There is a stone staircase leading down here.
There is a stone staircase leading up here.
You fly upwards.
There is a stone staircase leading down here.
As you open the door, it creaks loudly!
There is an open door here.
(D) Dungeon (T) Temple (L) Lair (A) Shoals (P) Snake Pit (M) Slime Pits (O) Orcish Mines (E) Elven Halls (V) Vaults (C) Crypt (W) Tomb (U) Depths (H) Hell (Z) Zot
Where to? (Enter - D:1 @ (x,y), ? - help)
There is an open door here.
There is a stone staircase leading up here.
You fly upwards.
There is a stone staircase leading down here.
You see here a +0 dagger.
Items here: )) [[.
There is a stone staircase leading up here.
You fly upwards.
There is a stone staircase leading down here.
There is a stone staircase leading up here.
You fly upwards.
There is a stone staircase leading down here.
There is an open door here.
There is a stone staircase leading up here.
You fly upwards.
There is a stone staircase leading down here.
There is a staircase leading out of the dungeon here.
You have escaped!

#........# #.##########
#..####.## ##.######...#
#..####.####.....).†.#.# #
#..#.......>..######...# ##
#..#.##.......#######.## .##
#..#.##.##.........##.#
#.####........#.........##.######
.......)#.###...........#####....
#######.#.# ##..@.......##∩.♣###.
# #.#.# ##....8....##...###.
#.#.# #.....♣...##♣..##.. #.#.#
#.........# ##.##.. ## #.#.##
#.........####..... .######....##
#.........##....... ..........#.#
############.#..... .........#.##
#.#.##.. .######...## #.#.##..


There were no monsters in sight!

Vanquished Creatures
  4 orbs of fire (Zot:5)
  2 dread liches
  An ancient lich (Zot:5)
  Mennas (Vaults:5)
  Mara (Shoals:4)
  2 juggernauts
  Sojobo (Vaults:2)
  A royal mummy (Crypt:3)
  7 Killer Klowns
  Vv (Depths:3)
  Parghit (Depths:3)
  A pandemonium lord (D:9)
  2 curse toes (Zot:4)
  3 caustic shrikes
  5 golden dragons
  A bone dragon (Depths:4)
  2 electric golems
  2 Ice Fiends (IceCv)
  20 tentacled monstrosities
  26 Orb Guardians
  4 liches
  A walking divine tome (Depths:4)
  5 quicksilver dragons
  7 titans
  Frances (D:14)
  3 sphinxes
  10 death cobs
  An ancient champion (Crypt:1)
  Gastronok (Lair:3)
  7 storm dragons
  8 shadow dragons
  Roxanne (D:14)
  13 tengu reavers
  A revenant (Crypt:1)
  4 nagarajas
  3 draconian knights
  2 deep elf sorcerers (Vaults:5)
  5 draconian monks
  5 fire giants
  9 draconian scorchers
  2 iron dragons (Vaults:5)
  4 imperial myrmidons (Desolation)
  9 vault wardens
  9 draconian stormcallers
  4 ghost moths
  4 ghouls
  2 angels (Vaults:1)
  An orc warlord (Vaults:2)
  6 frost giants
  3 draconian shifters
  21 very ugly things
  A caustic shrike skeleton (Crypt:2)
  Louise (Depths:4)
  A juggernaut skeleton (Depths:3)
  9 draconian annihilators
  A curse skull (Crypt:2)
  A formless jellyfish (Vaults:4)
  11 ironbound preservers
  2 war gargoyles (Vaults:5)
  2 ironbound thunderhulks
  9 green draconians
  17 stone giants
  13 red draconians
  2 deep elf demonologists
  4 black draconians
  7 vampire knights
  20 white draconians
  7 yellow draconians
  4 dire elephants
  A spark wasp (Depths:2)
  A deep elf annihilator (Vaults:5)
  15 purple draconians
  4 eidola
  A green death (Zot:2)
  7 ettins
  2 fire dragons
  Snorg (Lair:4)
  2 ragged hierophants (Desolation)
  4 mummy priests (Crypt:3)
  An entropy weaver (Vaults:5)
  3 merfolk javelineers
  A deep elf death mage (Crypt:1)
  15 yaktaur captains
  4 merfolk impalers
  8 jiangshi
  2 deep elf high priests (Vaults:5)
  2 great orbs of eyes
  A spriggan zombie (Crypt:1)
  4 servants of whispers (Desolation)
  5 caustic shrike simulacra (IceCv)
  Erolcha (D:13)
  2 rakshasas
  A salamander tyrant (Snake:3)
  3 ice dragons
  5 ogre magi
  28 vault guards
  6 boulder beetles
  8 catoblepae
  10 peacekeepers
  8 ironbound frosthearts
  14 centaur warriors
  3 hydras
  A merfolk avatar (Shoals:3)
  2 spriggan air magi
  10 anacondas
  2 merfolk aquamancers
  3 death knights
  4 dancing weapons
  4 deep troll shamans
  8 deep troll earth magi
  A satyr (Shoals:4)
  5 two-headed ogres
  7 spriggan berserkers
  13 death yaks
  4 shock serpents
  A soul eater (Depths:2)
  5 vampire magi
  An orc high priest (Orc:2)
  4 tengu warriors
  7 naga warriors
  3 deep elf knights
  A sun demon (Depths:2)
  11 hell knights
  5 naga sharpshooters (Snake:4)
  A titan skeleton (Crypt:1)
  2 sixfirhies
  A fire crab (D:15)
  6 iron trolls
  4 shadow wraiths
  4 salamander mystics
  22 skeletal warriors
  6 skysharks
  Lodul (D:11)
  An iron giant zombie (Crypt:3)
  Amaemon (Lair:1)
  A spark wasp zombie (Crypt:2)
  38 deep trolls
  7 deep elf archers
  2 obsidian statues (IceCv)
  9 wizards
  2 flayed ghosts (Crypt:3)
  10 sea snakes
  5 naga ritualists
  2 glowing orange brains
  18 phantasmal warriors
  10 bog bodies
  Pikel (D:6)
  A lindwurm (Vaults:1)
  11 mana vipers
  9 necromancers
  13 deep elf pyromancers
  An iron dragon zombie (Crypt:2)
  16 ironbound convokers
  15 deep elf zephyrmancers
  3 harpies (Shoals:1)
  31 ugly things
  2 oklob plants (D:12)
  12 manticores
  7 orc sorcerers
  4 fauns
  3 cyclopes
  15 moths of wrath
  10 salamanders
  A tengu skeleton (Depths:3)
  Joseph (D:7)
  44 black mambas
  10 naga magi
  An iron dragon skeleton (Depths:3)
  A merfolk siren (Shoals:2)
  A fire giant skeleton (Crypt:3)
  9 elephants
  11 slime creatures
  19 vault sentinels
  A frost giant skeleton (Crypt:2)
  2 water nymphs
  Maurice (D:13)
  11 guardian serpents
  A molten gargoyle (Desolation)
  4 orange demons
  A smoke demon (Depths:2)
  A stone giant skeleton (Depths:1)
  7 torpor snails
  A human skeleton (Vaults:4)
  18 cane toads
  A black draconian zombie (Crypt:1)
  Maggie (D:9)
  2 elf skeletons
  2 unseen horrors
  A yellow draconian zombie (Crypt:3)
  2 gargoyles (D:12)
  An efreet (D:15)
  4 nameless horrors
  26 yaktaurs
  2 minotaur zombies
  13 komodo dragons
  A tormentor (Depths:2)
  29 guardian mummies (Crypt:3)
  5 rime drakes
  2 golden dragon simulacra (IceCv)
  7 freezing wraiths
  2 tengu conjurers
  A polar bear (Lair:2)
  5 kobold demonologists
  A hellwing (Depths:2)
  2 ice devils
  5 trolls
  Prince Ribbit (D:5)
  A red devil (Depths:2)
  A minotaur skeleton (Crypt:3)
  A wind drake (Shoals:2)
  A harpy skeleton (Crypt:1)
  2 hornets
  A tengu simulacrum (Depths:1)
  25 blink frogs
  9 merfolk
  A raiju (Depths:2)
  A moth of wrath zombie (Crypt:3)
  15 dream sheep
  An ettin zombie (Crypt:1)
  18 saltlings (Desolation)
  4 snapping turtles
  A jumping spider (Vaults:3)
  2 air elementals (Depths:2)
  A ynoxinul (Depths:2)
  3 flying skulls (Crypt:2)
  An ettin skeleton (Crypt:1)
  2 spriggans
  8 wraiths
  7 large abominations
  A shadow (D:12)
  4 wyverns
  40 yaks
  A vampire (D:9)
  7 humans (D:14)
  3 fire elementals
  A golden eye (shapeshifter) (D:14)
  5 water elementals
  12 ushabtiu (Crypt:3)
  6 basilisks
  Grum (D:8)
  3 hogs (Elf:1)
  5 vampire mosquitoes
  A neqoxec (Depths:2)
  4 steam dragons
  A redback (shapeshifter) (Vaults:5)
  A redback (Vaults:5)
  A warg (Orc:2)
  A glowing shapeshifter zombie (Depths:3)
  36 nagas
  An acid dragon (D:12)
  A swamp worm (shapeshifter) (Vaults:5)
  5 floating eyes
  13 water moccasins
  Duvessa (D:4)
  A demonspawn skeleton (Crypt:1)
  3 black bears
  3 sky beasts
  2 ice beasts
  A manticore zombie (Crypt:1)
  An ettin simulacrum (IceCv)
  23 ogres
  23 orc warriors
  12 wolves
  6 centaurs
  A lemure (D:6)
  A phantom (D:5)
  6 kobold brigands
  A vine stalker zombie (Crypt:1)
  An elf zombie (Elf:1)
  9 bullfrogs
  A salamander zombie (Crypt:1)
  7 gnoll sergeants
  2 scorpions
  2 necrophages (Crypt:1)
  2 earth elementals (Elf:1)
  7 wights
  A warg zombie (Crypt:1)
  Dowan (D:4)
  15 killer bees
  8 howler monkeys
  A human zombie (Crypt:2)
  4 hounds
  18 orc priests
  Crazy Yiuf (D:4)
  5 hell rats
  7 iguanas
  34 orc wizards
  4 lightning spires (Depths:2)
  A tengu zombie (Crypt:3)
  A sky beast zombie (Crypt:3)
  5 mummies (Crypt:3)
  A howler monkey zombie (Crypt:2)
  Robin (D:4)
  14 gnolls
  5 adders
  4 shadow imps
  A white imp (D:6)
  2 ufetubi
  2 worms
  2 dart slugs
  77 orcs
  4 ball pythons (D:1)
  5 endoplasms
  6 giant cockroaches
  16 goblins
  10 hobgoblins
  10 kobolds
  A quokka (D:5)
  5 bats
  2 frilled lizards (D:1)
  3 rats
  3 ball lightnings (Depths:2)
1852 creatures vanquished.

Vanquished Creatures (collateral kills)
  A dread lich (Zot:5)
  3 orbs of fire (Zot:5)
  Vashnia (Snake:4)
  Bai Suzhen (Crypt:2)
  A curse toe (Zot:5)
  A golden dragon (Depths:4)
  An electric golem (Zot:5)
  A tentacled monstrosity (Zot:3)
  An Ice Fiend (Depths:2)
  2 quicksilver dragons
  A titan (Depths:2)
  3 deep elf blademasters (Elf:3)
  3 deep elf master archers (Elf:3)
  5 sphinxes
  A shadow dragon (Zot:4)
  Kirke (Elf:1)
  2 nagarajas (Snake:4)
  Donald (Shoals:3)
  3 storm dragons
  A fire giant (D:15)
  A draconian knight (Zot:2)
  Aizul (Shoals:4)
  An imperial myrmidon (Desolation)
  3 vault wardens
  A frost giant (D:15)
  The ghost of AwFulAwFulPlayer the Bludgeoner, an adept GrFi of Trog (Elf:3)
  3 deep elf sorcerers (Elf:3)
  5 deep elf elementalists (Elf:3)
  2 ghouls (Crypt:2)
  2 stone giants
  4 ironbound preservers
  2 ironbound thunderhulks (Vaults:4)
  5 very ugly things
  A formless jellyfish (Vaults:2)
  4 deep elf demonologists (Elf:3)
  6 deep elf annihilators (Elf:3)
  2 black draconians (Zot:3)
  7 dire elephants
  An eidolon (Crypt:2)
  A white draconian (Zot:1)
  2 yellow draconians
  A deep elf death mage (Elf:1)
  2 ettins
  A merfolk javelineer (Shoals:4)
  4 fire dragons
  5 merfolk impalers
  3 ragged hierophants (Desolation)
  A great orb of eyes (Vaults:1)
  2 yaktaur captains
  A deep elf high priest (Elf:3)
  An entropy weaver (Vaults:3)
  A caustic shrike simulacrum (IceCv)
  3 peacekeepers (Desolation)
  6 ice dragons
  A rakshasa (D:15)
  An ogre mage (Vaults:4)
  3 vault guards
  4 salamander tyrants (Snake:4)
  2 centaur warriors
  2 death knights (D:15)
  An ironbound frostheart (Vaults:1)
  3 servants of whispers (Desolation)
  A merfolk avatar (Shoals:4)
  A catoblepas (D:15)
  2 boulder beetles (D:15)
  4 merfolk aquamancers
  A hydra (D:15)
  3 anacondas (Snake:4)
  7 dancing weapons
  2 naga warriors (Snake:4)
  A satyr (Shoals:4)
  2 deep troll shamans
  2 tengu warriors
  A deep troll earth mage (Depths:1)
  5 hell knights
  A shock serpent (Snake:4)
  A naga sharpshooter (Snake:4)
  11 deep elf knights
  5 skeletal warriors
  2 iron trolls
  2 salamander mystics (Snake:4)
  11 sea snakes
  2 skysharks
  A glowing orange brain (D:15)
  3 bog bodies
  18 deep trolls
  An ironbound convoker (Vaults:3)
  A tengu zombie (Depths:1)
  3 deep elf archers
  11 deep elf pyromancers
  2 naga ritualists (Snake:4)
  2 phantasmal warriors (Crypt:1)
  3 wizards
  4 necromancers
  2 lindwurms (Vaults:1)
  3 orc knights (D:15)
  8 harpies
  7 deep elf zephyrmancers
  9 manticores
  7 ugly things
  9 fauns
  6 cyclopes
  10 salamanders
  2 moths of wrath (Zot:5)
  4 merfolk sirens
  5 black mambas (Snake:4)
  4 water nymphs
  2 vault sentinels
  5 guardian serpents
  5 naga magi (Snake:4)
  A yaktaur zombie (Vaults:4)
  A large abomination (Elf:1)
  6 yaktaurs
  A tengu conjurer (D:15)
  2 freezing wraiths
  2 golden dragon simulacra (IceCv)
  An ice devil (IceCv)
  22 merfolk
  3 wind drakes
  46 saltlings (Desolation)
  A hellwing (Zot:4)
  4 dream sheep
  5 snapping turtles
  6 slime creatures
  A jumping spider (Vaults:3)
  A spriggan (D:15)
  11 humans (D:14)
  5 water elementals
  A basilisk (D:15)
  4 vampire mosquitoes (D:13)
  2 redbacks
  14 nagas (Snake:4)
  A hydra simulacrum (IceCv)
  A hornet zombie (Crypt:2)
  5 centaurs
  An elf zombie (Elf:1)
  4 earth elementals
493 creatures vanquished.

Vanquished Creatures (others)
  A merfolk aquamancer (Shoals:3)
  A wizard (D:14)
  An orc knight (Orc:1)
  A human (D:7)
  An orc wizard (Orc:2)
  A quokka (D:3)
6 creatures vanquished.

Grand Total: 2351 creatures vanquished

Notes
Turn   | Place    | Note
-------+----------+-------------------------------------------
     0 | D:1      | Midn8 the Draconian Earth Elementalist began the quest for
                  | the Orb.
     0 | D:1      | Reached XP level 1. HP: 14/14 MP: 3/3
   270 | D:1      | Reached XP level 2. HP: 20/20 MP: 3/5
   411 | D:1      | Found Mubetha's Antique Weapon Shop.
  1328 | D:2      | Reached XP level 3. HP: 26/26 MP: 3/7
  1368 | D:2      | Learned a level 3 spell: Stone Arrow
  1689 | D:2      | Got Even Neophytes Can Use Hermeneutics!
  2121 | D:3      | Reached skill level 1 in Conjurations
  2121 | D:3      | Reached XP level 4. HP: 20/33 MP: 3/10
  2362 | D:3      | Found a white marble altar of Elyvilon.
  2547 | D:3      | Found a faded altar of an unknown god.
  2570 | D:3      | You fall into a shaft and drop 2 floors!
  2570 | D:5      | Entered Level 5 of the Dungeon
  2755 | D:4      | Found an ornate altar of the Wu Jian Council.
  2806 | D:3      | Noticed an ice beast
  2834 | D:3      | Killed an ice beast
  2835 | D:3      | Reached skill level 2 in Fighting
  2835 | D:3      | Reached XP level 5. HP: 27/42 MP: 1/11
  3362 | D:4      | Noticed Robin
  3420 | D:4      | Killed Robin
  3421 | D:4      | Reached skill level 3 in Fighting
  3620 | D:4      | Noticed Dowan
  3622 | D:4      | Noticed Duvessa
  3631 | D:4      | Found Suyggout's Jewellery Shoppe.
  3639 | D:4      | Killed Duvessa
  3640 | D:4      | Reached XP level 6. HP: 42/51 MP: 1/12
  3748 | D:4      | Killed Dowan
  3998 | D:4      | Found Sahoaf's General Store.
  4011 | D:4      | Bought a wand of paralysis (4) for 105 gold pieces
  4032 | D:4      | Found a runed translucent door.
  4033 | D:4      | Noticed Crazy Yiuf
  4102 | D:4      | Found Angyemol's Book Shop.
  4139 | D:4      | Your scales start taking on a fiery red colour.
  4139 | D:4      | Reached XP level 7. HP: 57/57 MP: 6/13
  4139 | D:4      | Gained mutation: Your flesh is heat resistant. (rF+) [Red
                  | Draconian growth]
  4499 | D:4      | Killed Crazy Yiuf
  4915 | D:5      | Reached skill level 5 in Conjurations
  4915 | D:5      | Reached skill level 5 in Earth Magic
  5210 | D:5      | Noticed Prince Ribbit
  5230 | D:5      | Killed Prince Ribbit
  5231 | D:5      | Reached skill level 5 in Spellcasting
  5322 | D:5      | Found a bloodstained altar of Trog.
  5322 | D:5      | Found a faded altar of an unknown god.
  5328 | D:5      | Found a basalt altar of Yredelemnul.
  5330 | D:5      | Found a faded altar of an unknown god.
  5332 | D:5      | Found a radiant altar of Vehumet.
  5336 | D:5      | Became a worshipper of Vehumet
  5416 | D:5      | Reached XP level 8. HP: 54/63 MP: 11/16
  5577 | D:5      | Reached skill level 4 in Fighting
  5748 | D:6      | Reached skill level 5 in Fighting
  5867 | D:6      | Reached skill level 6 in Fighting
  5890 | D:6      | Learned a level 3 spell: Mephitic Cloud
  6128 | D:6      | Noticed Pikel
  6147 | D:6      | Killed Pikel
  6148 | D:6      | Reached XP level 9. HP: 63/75 MP: 3/18
  6267 | D:6      | Reached skill level 1 in Air Magic
  6267 | D:6      | Reached skill level 1 in Poison Magic
  6338 | D:6      | Found a staircase to the Ecumenical Temple.
  6484 | D:6      | Found a shadowy altar of Dithmenos.
  6485 | D:6      | Found a snail-covered altar of Cheibriados.
  6673 | D:6      | Found a blossoming altar of Fedhas.
  6728 | D:6      | Reached * piety under Vehumet
  6728 | D:6      | Offered knowledge of Freeze by Vehumet.
  6941 | D:6      | Found a shimmering blue altar of Sif Muna.
  7290 | D:7      | Noticed Joseph
  7303 | D:7      | Killed Joseph
  7901 | D:7      | Found a hide-covered altar of Uskayaw.
  8110 | D:7      | Found a burning altar of Makhleb.
  8231 | D:7      | Reached skill level 7 in Fighting
  8359 | D:7      | Found an ancient bone altar of Kikubaaqudgha.
  8817 | D:8      | Reached skill level 8 in Fighting
  9049 | D:8      | Noticed a two-headed ogre
  9052 | D:8      | Killed a two-headed ogre
  9053 | D:8      | Reached skill level 5 in Evocations
  9053 | D:8      | Reached XP level 10. HP: 73/88 MP: 12/19
  9109 | D:8      | Noticed Grum
  9153 | D:8      | Killed Grum
  9156 | D:8      | Noticed a tengu warrior
  9173 | D:8      | Killed a tengu warrior
 10089 | D:9      | Found a shimmering altar of Xom.
 10095 | D:9      | Offered knowledge of Kiss of Death by Vehumet.
 10106 | D:9      | Reached ** piety under Vehumet
 10302 | D:9      | Learned a level 4 spell: Petrify
 10523 | D:9      | Noticed Maggie
 10535 | D:9      | Killed Maggie
 10805 | D:9      | Found Nyfosua's Jewellery Emporium.
 10982 | D:9      | Reached XP level 11. HP: 94/94 MP: 5/23
 11133 | D:9      | Found a hazy altar of Hepliaklqana.
 11162 | D:10     | Entered Level 10 of the Dungeon
 11162 | D:10     | Found a staircase to the Lair.
 11531 | D:10     | Noticed a two-headed ogre
 11541 | D:10     | Killed a two-headed ogre
 11542 | D:10     | Reached skill level 5 in Transmutations
 11793 | D:10     | Identified the +3 rapier "Effavveamu" {freeze, rCorr}
 11881 | D:11     | Noticed a two-headed ogre
 11911 | Lair:1   | Entered Level 1 of the Lair of Beasts
 11916 | Lair:1   | Reached skill level 5 in Dodging
 11964 | Lair:1   | Noticed a catoblepas
 12096 | Lair:1   | Offered knowledge of Static Discharge by Vehumet.
 12107 | D:10     | Killed a catoblepas
 12467 | Lair:1   | Noticed Amaemon
 12488 | Lair:1   | Killed Amaemon
 12498 | Lair:1   | Reached skill level 9 in Fighting
 12992 | Lair:1   | Reached skill level 10 in Fighting
 13188 | Lair:1   | Reached *** piety under Vehumet
 13944 | Lair:2   | Reached XP level 12. HP: 93/106 MP: 20/24
 14109 | Lair:2   | Found a staircase to the Snake Pit.
 14153 | Lair:2   | Offered knowledge of Olgreb's Toxic Radiance by Vehumet.
 14240 | Lair:2   | Learned a level 4 spell: Olgreb's Toxic Radiance
 14805 | Lair:2   | Found a snail-covered altar of Cheibriados.
 14935 | Lair:2   | Reached skill level 5 in Poison Magic
 15882 | Lair:3   | Found a staircase to the Shoals.
 16010 | Lair:3   | Noticed a boulder beetle
 16027 | Lair:3   | Killed a boulder beetle
 16177 | Lair:3   | Noticed a four-headed hydra
 16189 | Lair:3   | Killed a four-headed hydra
 16324 | Lair:3   | Noticed a death yak
 16324 | Lair:3   | Noticed a death yak
 16379 | Lair:3   | Killed a death yak
 16490 | Lair:3   | Noticed a death yak
 16491 | Lair:3   | Noticed a death yak
 16511 | Lair:3   | Killed a death yak
 16512 | Lair:3   | Reached skill level 11 in Fighting
 16524 | Lair:3   | Killed a death yak
 16524 | Lair:3   | Reached **** piety under Vehumet
 16699 | Lair:3   | Reached skill level 12 in Fighting
 16700 | Lair:3   | Reached XP level 13. HP: 96/118 MP: 17/25
 16700 | Lair:3   | Offered knowledge of Fulminant Prism by Vehumet.
 17088 | Lair:3   | Identified the +0 pair of boots "Diekih" {rElec}
 17143 | Lair:3   | Noticed Gastronok
 17154 | Lair:3   | Killed Gastronok
 18118 | Lair:4   | Identified the +4 long sword "Narreth" {speed, rF+ rC-
                  | Will+ Int+7}
 19052 | Lair:3   | Noticed Snorg
 19063 | Lair:4   | Killed Snorg
 19179 | Lair:4   | Reached skill level 10 in Spellcasting
 19443 | Lair:4   | Found a runed translucent door.
 19445 | Lair:4   | Found a viscous altar of Jiyva.
 19448 | Lair:4   | Found a staircase to the Slime Pits.
 19747 | Lair:5   | Entered Level 5 of the Lair of Beasts
 19765 | Lair:4   | Reached skill level 13 in Fighting
 20304 | Lair:5   | Reached skill level 14 in Fighting
 20360 | Lair:5   | Reached XP level 14. HP: 118/132 MP: 14/28
 20392 | Lair:5   | Reached ***** piety under Vehumet
 20438 | Lair:5   | Offered knowledge of Spellforged Servitor by Vehumet.
 21271 | Lair:5   | Learned a level 7 spell: Spellforged Servitor
 21711 | Lair:5   | Reached skill level 10 in Earth Magic
 22179 | Lair:5   | Identified the amulet "Kylem" {Spirit Harm Int-5 Dex+4}
 22614 | D:11     | Found a staircase to the Orcish Mines.
 23055 | D:11     | Noticed Lodul
 23080 | D:11     | Killed Lodul
 23536 | D:12     | Reached skill level 15 in Fighting
 24048 | D:12     | Learned a level 6 spell: Starburst
 24102 | D:12     | Reached skill level 1 in Fire Magic
 24789 | D:13     | Offered knowledge of Eringya's Noxious Bog by Vehumet.
 25106 | D:13     | Noticed Erolcha
 25125 | D:13     | Killed Erolcha
 25126 | D:13     | Reached XP level 15. HP: 141/141 MP: 12/31
 25284 | D:13     | Reached skill level 5 in Fire Magic
 25697 | Orc:1    | Entered Level 1 of the Orcish Mines
 26146 | Orc:2    | Entered Level 2 of the Orcish Mines
 26332 | Orc:2    | Found Cuethr Qeto's Book Emporium.
 26475 | Orc:2    | Bought the Elucidation of Radiant Degeneration for 462 gold
                  | pieces
 26482 | Orc:2    | Learned a level 6 spell: Leda's Unmaking
 26672 | Orc:2    | Found a staircase to the Elven Halls.
 27250 | Orc:2    | Found an ancient bone altar of Kikubaaqudgha.
 27273 | Orc:2    | Found Nier's Jewellery Shop.
 27483 | Orc:2    | Offered knowledge of Orb of Destruction by Vehumet.
 27543 | Orc:2    | Found a radiant altar of Vehumet.
 27561 | Orc:2    | Found Eqaucs's Magic Scroll Shop.
 27738 | Orc:2    | Found Cucuar Ollo's Antique Weapon Shop.
 27751 | Orc:2    | Bought a scroll of blinking for 120 gold pieces
 27764 | Orc:2    | Reached skill level 10 in Fire Magic
 27831 | Orc:2    | Found Jatsuompur's Magic Scroll Boutique.
 28001 | Orc:2    | Bought a scroll of acquirement for 832 gold pieces
 28070 | Orc:2    | Bought a book of Spatial Translocations for 198 gold pieces
 28070 | Orc:2    | Bought a book of Alchemy for 308 gold pieces
 28073 | Orc:2    | Learned a level 2 spell: Blink
 28279 | Snake:1  | Entered Level 1 of the Snake Pit
 28416 | Lair:2   | Learned a level 5 spell: Irradiate
 29230 | Snake:1  | Found Deikhuev's Antique Weapon Emporium.
 29679 | Snake:1  | Found Mofonga's Distillery.
 29681 | Snake:1  | Found Eneer's Antique Weapon Boutique.
 29689 | Snake:1  | Found Eqeathon's Antique Armour Shop.
 30077 | Snake:1  | Found Gyen's Assorted Antiques.
 30081 | Snake:1  | Bought a fuming amethyst potion for 26 gold pieces
 30470 | Snake:1  | Reached skill level 10 in Conjurations
 30732 | Snake:2  | Found a bloodstained altar of Trog.
 30761 | Snake:2  | You fall into a shaft and drop 1 floor!
 30884 | Snake:3  | Noticed a nagaraja
 30903 | Snake:3  | Killed a nagaraja
 30997 | Snake:3  | Noticed a nagaraja
 31003 | Snake:3  | Killed a nagaraja
 31306 | Snake:3  | Found Bexor Jisa's Armour Boutique.
 31465 | Snake:2  | Reached skill level 16 in Fighting
 32028 | Snake:2  | Reached XP level 16. HP: 147/151 MP: 7/32
 32754 | Snake:2  | Found Takaddiy's Jewellery Emporium.
 32756 | Snake:2  | Found Adaock's Book Shop.
 32757 | Snake:2  | Found Feibiqua's Jewellery Emporium.
 32768 | Snake:2  | Learned a level 2 spell: Sublimation of Blood
 33199 | Snake:2  | Offered knowledge of Plasma Beam by Vehumet.
 34266 | Snake:3  | Found Nejeludgh's Antique Weapon Emporium.
 34266 | Snake:3  | Found Fime's Jewellery Shoppe.
 34948 | Snake:3  | Reached skill level 5 in Short Blades
 35686 | Snake:4  | Entered Level 4 of the Snake Pit
 36127 | Snake:4  | Reached skill level 1 in Summonings
 37138 | Snake:4  | Got the Grimoire of Nightshade and Ozone
 37214 | Snake:4  | Reached skill level 5 in Summonings
 38129 | Snake:4  | Offered knowledge of Lee's Rapid Deconstruction by Vehumet.
 39568 | Snake:4  | Reached XP level 17. HP: 158/158 MP: 28/33
 39775 | Snake:4  | Noticed Vashnia
 39793 | Snake:4  | Killed Vashnia
 40065 | Snake:4  | Got a serpentine rune of Zot
 40213 | Shoals:1 | Entered Level 1 of the Shoals
 42058 | Shoals:2 | Found a transporter.
 42160 | Shoals:2 | Found a transporter.
 42170 | Shoals:2 | Found a transporter.
 42175 | Shoals:2 | Found a transporter.
 42444 | Shoals:2 | Reached ****** piety under Vehumet
 42523 | Shoals:2 | Found a transporter.
 42528 | Shoals:2 | Found a transporter.
 42593 | Shoals:1 | Reached skill level 17 in Fighting
 43480 | Shoals:3 | Offered knowledge of Yara's Violent Unravelling by Vehumet.
 44192 | Shoals:3 | Reached skill level 18 in Fighting
 45201 | Shoals:4 | Entered Level 4 of the Shoals
 45201 | Shoals:4 | Noticed Aizul
 45209 | Shoals:4 | Killed Aizul
 45410 | Shoals:4 | Noticed Donald
 45654 | Elf:1    | Entered Level 1 of the Elven Halls
 45934 | Elf:1    | Offered knowledge of Conjure Ball Lightning by Vehumet.
 46095 | Elf:1    | Reached skill level 15 in Spellcasting
 46171 | Elf:1    | Got the Thoughts on Iniquitous Spells
 46519 | Elf:1    | Found Ykoj's Book Emporium.
 46568 | Elf:1    | Reached XP level 18. HP: 164/165 MP: 26/37
 46689 | Elf:1    | Noticed Kirke
 46700 | Elf:1    | Killed Kirke
 46961 | Elf:2    | Found a gateway to a bazaar.
 47249 | Elf:2    | Found Deduac's Weapon Shoppe.
 47299 | Elf:2    | Found Xowudux's Assorted Antiques.
 47703 | Elf:2    | Learned a level 8 spell: Lehudib's Crystal Spear
 47868 | Elf:2    | Found a runed translucent gate.
 47868 | Elf:2    | Found a runed translucent gate.
 47879 | Elf:2    | Found a runed translucent gate.
 48126 | Elf:2    | Identified the +5 trident "Kapoall" {distort, rN+++ Will+
                  | Int-5}
 48220 | Elf:3    | Entered Level 3 of the Elven Halls
 48220 | Elf:3    | Found Ufic Sien's Book Shop.
 49072 | Elf:3    | Found a runed translucent door.
 49104 | Elf:3    | Noticed AwFulAwFulPlayer's ghost (adept GrFi)
 49296 | Elf:3    | Killed AwFulAwFulPlayer's ghost
 49546 | Elf:3    | Reached skill level 19 in Fighting
 49811 | Elf:3    | Reached skill level 20 in Fighting
 49966 | Elf:3    | Identified the +3 chain mail "Onozxann" {Contam rN+ Dex+4
                  | Slay+3}
 50144 | Elf:3    | Noticed a Brimstone Fiend
 50145 | Elf:3    | Noticed a Hell Sentinel
 50159 | Elf:3    | Identified the +4 short sword of the Gnat {flame, rCorr}
 50377 | Elf:3    | Got the Directory of the Squall
 50387 | Elf:3    | Got the Opusculum on the Blink Frog
 50806 | Shoals:3 | Killed Donald
 51055 | Shoals:4 | Offered knowledge of Shatter by Vehumet.
 51055 | Shoals:4 | Offered knowledge of Chain Lightning by Vehumet.
 51055 | Shoals:4 | Offered knowledge of Ignition by Vehumet.
 51056 | Shoals:4 | Reached XP level 19. HP: 147/185 MP: 32/39
 51280 | Shoals:4 | Identified the +4 falchion of the Walnut {freeze, *Slow
                  | Will+++ MP+9 Int-4}
 51816 | Shoals:4 | Noticed Mara
 51822 | Shoals:4 | Noticed Midn8's illusion
 51957 | Shoals:4 | Killed Mara
 52361 | Shoals:4 | Got a barnacled rune of Zot
 53215 | D:13     | Found an ornate altar of the Wu Jian Council.
 53215 | D:13     | Noticed Maurice
 53219 | D:13     | Killed Maurice
 53359 | D:13     | Identified the +0 chain mail "Ron Jean" {*Slow rF++ rN+
                  | Str+3}
 53446 | D:14     | Found a frozen archway.
 53593 | IceCv    | Entered an ice cave
 54809 | D:14     | Identified Roxanne's Lectures on Reconstruction
 54809 | D:14     | Noticed Roxanne
 54816 | D:14     | Killed Roxanne
 55057 | D:14     | Noticed Frances
 55060 | D:14     | Killed Frances
 55225 | D:14     | Found a gate to the Vaults.
 55868 | D:14     | Identified the +0 plate armour "Waokh" {rCorr}
 55911 | D:15     | Entered Level 15 of the Dungeon
 56094 | D:15     | Identified the +6 acid dragon scales of Yesterday {rCorr
                  | Str+3 Slay+3}
 56232 | D:15     | Found a basalt altar of Yredelemnul.
 56732 | D:15     | Identified the ring "Peet" {rPois rF- rCorr Dex+7}
 56747 | D:15     | Found a blossoming altar of Fedhas.
 56961 | D:15     | Reached XP level 20. HP: 193/193 MP: 33/40
 57080 | D:15     | Identified the ring of Kiolaagg {rC+ EV+5}
 57219 | D:15     | Found a burning altar of Makhleb.
 57422 | D:15     | Identified the ring "Gatasisma" {Fly rF+ rN+ Int+4}
 57592 | D:15     | Found a staircase to the Depths.
 57728 | D:15     | Found a transporter.
 57879 | D:15     | Identified the +0 dagger of Pariq {freeze, Int+3}
 58265 | D:15     | Found a transporter.
 58508 | Vaults:1 | Entered Level 1 of the Vaults
 58623 | Vaults:1 | Found a glowing golden altar of the Shining One.
 58624 | Vaults:1 | Found a glowing silver altar of Zin.
 58625 | Vaults:1 | Found a crumbling gateway.
 58715 | Vaults:1 | Found a white marble altar of Elyvilon.
 58749 | Desolati | Entered the Desolation of Salt
 59268 | Desolati | Identified the +0 robe of Enof {rN+ Dex+2}
 59453 | Desolati | Found the +5 scythe "Finisher" {speed, execute}
 59564 | Desolati | Identified the +1 robe of the Gastropod {rC+ Str+2 SInv}
 59579 | Desolati | Got Waotut's Almanac of Summoning and Gases
 59586 | Desolati | Got the Guide on the Birds
 59591 | Desolati | Got Beffyi's Annotations on the Missiles and the Escort
 59745 | Desolati | Identified the +2 rapier of Mollawk {pain, *Slow rCorr
                  | Int+3 Dex+5}
 60006 | Desolati | Got the Compilation of the Sky and Diablerie
 60331 | Desolati | Reached skill level 15 in Conjurations
 60331 | Desolati | Reached skill level 15 in Earth Magic
 61274 | Vaults:1 | Learned a level 8 spell: Ignition
 61297 | Vaults:1 | Found Noblyi's Armour Emporium.
 61772 | Vaults:1 | Reached skill level 1 in Necromancy
 62708 | Vaults:2 | Found a staircase to the Crypt.
 62708 | Vaults:2 | Found a basalt altar of Yredelemnul.
 62708 | Vaults:2 | Found an ancient bone altar of Kikubaaqudgha.
 62725 | Vaults:2 | Noticed Sojobo
 62729 | Vaults:2 | Reached skill level 5 in Necromancy
 62731 | Vaults:2 | Killed Sojobo
 62732 | Vaults:2 | Reached XP level 21. HP: 201/201 MP: 18/43
 62932 | Vaults:2 | Found Xaibitono's Antique Armour Shop.
 62942 | Vaults:2 | Bought the +2 cloak of the Thief {*Fog Slay-2 SInv Stlth+}
                  | for 844 gold pieces
 62942 | Vaults:2 | Found the +2 cloak of the Thief {*Fog Slay-2 SInv Stlth+}
 63911 | Vaults:2 | Identified the +11 war axe of Dung {protect, Str+2}
 64618 | Vaults:2 | Found the +18 shield of the Gong {Loud rN+ Will+ rCorr
                  | EV-5}
 64757 | Vaults:2 | Reached skill level 21 in Fighting
 65981 | Vaults:3 | Reached skill level 22 in Fighting
 66770 | Vaults:3 | Identified the staff "Caedomp" {rF+ rN+ Fire}
 68370 | Vaults:4 | Reached XP level 22. HP: 215/215 MP: 25/44
 68644 | Vaults:4 | Identified the -2 cloak "Ocode" {rC- MP+9 Str+4}
 69583 | Depths:1 | Entered Level 1 of the Depths
 69583 | Depths:1 | Found Zianemegg's Book Shop.
 69845 | Depths:1 | Found a gateway to Hell.
 70000 | D:15     | Learned a level 9 spell: Shatter
 70423 | Depths:1 | Found Vyigheon's Distillery.
 70446 | Depths:1 | Found Quonwo Reps's Distillery.
 70500 | Depths:1 | Found a one-way gateway to a ziggurat.
 70501 | Depths:1 | Bought a potion of curing for 48 gold pieces
 70501 | Depths:1 | Bought a potion of magic for 128 gold pieces
 70516 | Depths:1 | Bought a potion of heal wounds for 50 gold pieces
 70516 | Depths:1 | Bought a potion of haste for 100 gold pieces
 70516 | Depths:1 | Bought a potion of resistance for 100 gold pieces
 70540 | Depths:1 | Found a one-way gate to the infinite horrors of the Abyss.
 70583 | Depths:1 | Found Mess's Magic Scroll Shop.
 70586 | Depths:1 | Bought a scroll of teleportation for 60 gold pieces
 70586 | Depths:1 | Bought a scroll of blinking for 150 gold pieces
 70586 | Depths:1 | Bought a scroll of blinking for 150 gold pieces
 70609 | Depths:1 | Found Iphair's General Store.
 70618 | Depths:1 | Bought a wand of paralysis (4) for 124 gold pieces
 71037 | Depths:1 | Identified the +1 leather armour of Decompression {Rampage}
 71472 | Depths:2 | Found a one-way gate leading to the halls of Pandemonium.
 72042 | Depths:2 | Found a sparkling altar of Nemelex Xobeh.
 72776 | Depths:2 | Paralysed by an air elemental for 1 turns
 73046 | Depths:2 | Got Yzxuuxes's Notes on the Welkin
 73345 | Depths:3 | Noticed Parghit
 73346 | Depths:3 | Killed Parghit
 73532 | Depths:3 | Reached skill level 5 in Shields
 73792 | Depths:3 | Found a transporter.
 73797 | Depths:3 | Noticed a juggernaut
 73803 | Depths:3 | Identified the ring "Les Ach" {Fly rPois rCorr Str+6 SInv}
 73985 | Depths:3 | Killed a juggernaut
 74103 | Depths:3 | Identified the ring "Sukh" {Ice rElec Str-2 Int+3}
 74109 | Depths:3 | Noticed a golden dragon
 74119 | Depths:3 | Noticed Vv
 74132 | Depths:3 | Killed Vv
 75021 | Depths:3 | Found a transporter.
 75371 | Crypt:1  | Entered Level 1 of the Crypt
 75383 | Crypt:1  | Reached XP level 23. HP: 223/223 MP: 38/45
 76279 | Crypt:1  | Found the -2 hat of the Alchemist {rElec rPois rF+ rC+ rN+
                  | Will+ rMut rCorr}
 76486 | Crypt:1  | Reached skill level 10 in Shields
 77405 | Crypt:2  | Found a basalt altar of Yredelemnul.
 78798 | Crypt:3  | Entered Level 3 of the Crypt
 79099 | Crypt:3  | Noticed Bai Suzhen
 79104 | Crypt:2  | Killed Bai Suzhen
 79777 | Crypt:3  | Found an ancient bone altar of Kikubaaqudgha.
 80149 | Crypt:3  | Noticed a royal mummy
 80430 | Crypt:3  | Killed a royal mummy
 80700 | Crypt:3  | Found a staircase to the Tomb.
 80790 | Crypt:3  | Identified the ring "Denlibei" {rN+ Will+ Str+4 Int-2}
 80790 | Crypt:3  | Identified the ring "Buetifuh" {*Slow rF+ rN+ Str+4}
 80790 | Crypt:3  | Identified the ring of Dishonesty {+Blink rF- rN+ Dex+4}
 81222 | Crypt:3  | Got the Anthology of Dark Mysteries
 81640 | Crypt:3  | Identified the +1 flail of Accord {vamp, rF+}
 81957 | Depths:4 | Entered Level 4 of the Depths
 81957 | Depths:4 | Noticed a caustic shrike
 81957 | Depths:4 | Noticed a caustic shrike
 81957 | Depths:4 | Noticed a caustic shrike
 81957 | Depths:4 | Found a gateway to a bazaar.
 81960 | Depths:4 | Killed a caustic shrike
 81965 | Depths:3 | Killed a caustic shrike
 81966 | Depths:3 | Killed a caustic shrike
 82110 | Depths:4 | Noticed a juggernaut
 82113 | Depths:4 | Killed a juggernaut
 82284 | Depths:4 | Noticed Louise
 82285 | Depths:4 | Killed Louise
 82369 | Depths:4 | Found Xeyshrac's General Store.
 82378 | Depths:4 | Bought a potion of heal wounds for 65 gold pieces
 82378 | Depths:4 | Bought a scroll of teleportation for 39 gold pieces
 82456 | Depths:4 | Found Becvur Natho's Weapon Emporium.
 82762 | Depths:4 | Found Kinod's Magic Scroll Shop.
 83106 | Depths:4 | Reached XP level 24. HP: 233/233 MP: 27/47
 83338 | Depths:4 | Found a gate to the Realm of Zot.
 84084 | Vaults:5 | Entered Level 5 of the Vaults
 84086 | Vaults:5 | Reached skill level 23 in Fighting
 84100 | Vaults:5 | Noticed Mennas
 84109 | Vaults:5 | Killed Mennas
 84113 | Vaults:5 | Reached skill level 24 in Fighting
 84126 | Vaults:5 | Noticed a dread lich
 84128 | Vaults:5 | Killed a dread lich
 84133 | Vaults:5 | Reached skill level 25 in Fighting
 84945 | Vaults:5 | Identified the amulet of Lies {rElec Regen+ Slay+3}
 85520 | Vaults:5 | Found Hedgh's Distillery.
 85528 | Vaults:5 | Found Vokuc's Jewellery Shop.
 85529 | Vaults:5 | Found Ocah's Jewellery Shoppe.
 85684 | Vaults:5 | Identified the +3 scale mail "Widiupt" {rF+++ Str-5 Int+5}
 85889 | Vaults:5 | Identified the ring of Ydinwad {rC+ rN+ Int+3 Dex+3 Slay+4}
 86093 | Vaults:5 | Got a silver rune of Zot
 86167 | Vaults:5 | Found Kiol's Magic Scroll Shop.
 86171 | Vaults:5 | Bought a scroll of teleportation for 69 gold pieces
 86171 | Vaults:5 | Bought a scroll of teleportation for 69 gold pieces
 86744 | Zot:1    | Entered Level 1 of the Realm of Zot
 87100 | Zot:1    | Reached XP level 25. HP: 249/249 MP: 40/47
 87851 | Zot:1    | Learned a level 1 spell: Apportation
 88579 | Zot:1    | Reached skill level 10 in Evocations
 91092 | Zot:3    | Noticed a Killer Klown
 91096 | Zot:3    | Killed a Killer Klown
 91998 | Zot:3    | Found a shimmering blue altar of Sif Muna.
 93380 | Zot:3    | Acquired 454 gold pieces
 93382 | Zot:3    | Acquired 750 gold pieces
 93492 | Zot:4    | Reached XP level 26. HP: 258/258 MP: 27/49
 94219 | Zot:5    | Entered Level 5 of the Realm of Zot
 94419 | Zot:5    | Noticed a dread lich
 94424 | Zot:5    | Killed a dread lich
 94697 | Zot:5    | Reached skill level 26 in Fighting
 95297 | Zot:5    | Noticed an ancient lich
 95302 | Zot:5    | Killed an ancient lich
 95537 | Zot:5    | Noticed an orb of fire
 95545 | Zot:5    | Killed an orb of fire
 95715 | Zot:5    | Noticed an orb of fire
 95721 | Zot:5    | Killed an orb of fire
 95799 | Zot:5    | Reached skill level 27 in Fighting
 96319 | Zot:5    | Noticed an orb of fire
 96378 | Zot:5    | Gained mutation: Your magical capacity is low. (-10% MP)
                  | [an orb of fire]
 96379 | Zot:5    | Killed an orb of fire
 96715 | Zot:5    | Noticed an orb of fire
 96721 | Zot:5    | Killed an orb of fire
 97015 | Zot:5    | Noticed an orb of fire
 97021 | Zot:5    | Killed an orb of fire
 97589 | Zot:5    | Noticed a dread lich
 97593 | Zot:5    | Killed a dread lich
 97737 | Zot:5    | Noticed an orb of fire
 97754 | Zot:5    | Killed an orb of fire
 97822 | Zot:5    | Noticed an orb of fire
 97829 | Zot:5    | Killed an orb of fire
 98181 | Zot:5    | Reached skill level 10 in Necromancy
100455 | Zot:5    | Got the Orb of Zot
100768 | D:9      | Noticed Wonuw the pandemonium lord
100773 | D:9      | Killed Wonuw the pandemonium lord
100979 | D:$      | Escaped with the Orb!

Illustrated notes

Levels and vault maps discovered:
D:1:      wander_arrival_lonely_grave, layout_loops_ring, serial_shops,
          nicolae_shop_pleasant_corner_grove
D:2:      layout_loops_corners
D:3:      layout_basic, elyvilon_altar_4, ebering_ecumenical_altar_abandoned
D:4:      layout_loops_ring, mainiacjoe_overflow_small_starburst, serial_shops,
          nicolae_shop_behind_doors, nicolae_shop_back_alley_shop,
          nicolae_shop_statue_plus, minmay_goblin_outpost, uniq_robin,
          uniq_duvessa, uniq_crazy_yiuf_cottage
D:5:      layout_basic, chequers_temple_overflow_minitemple,
          nicolae_ossuary_entry_ruins, uniq_prince_ribbit1
D:6:      layout_rooms, nicolae_sif_muna_little_library,
          mainiacjoe_overflow_divided_tiny, lemuel_doored_altar,
          minmay_temple_entry_junction, minmay_misc_feat_x, uniq_pikel
D:7:      layout_basic, tgw_kikubaaqudgha, mainiacjoe_overflow_brackets,
          nicolae_uskayaw_suspiria, corexii_hall_statues_deadend, uniq_joseph
D:8:      nicolae_cairo_tiling_very_big, layout_basic, grunt_decor_fettered,
          uniq_grum
D:9:      nicolae_cairo_tiling_large, layout_rooms, nzn_hepliaklqana_mist_gate,
          old_standard_altar, serial_shops, shop, uniq_maggie
D:10:     layout_basic, lair_entry_dummy
D:11:     layout_basic, kennysheep_orc_monster_closet_entryway,
          grunt_decor_mini_mirrors, grunt_decor_cap, uniq_lodul
D:12:     layout_loops_cross, disabler_island
D:13:     layout_basic, nicolae_wu_jian_wuxing_cycle, uniq_maurice, uniq_erolcha
D:14:     layout_gridville, grunt_vaults_entry_tiered,
          portal_ice_cave_entry_pillars_1, uniq_roxanne, uniq_frances
D:15:     hangedman_spin_cycle
Lair:1:   layout_roguey, uniq_amaemon
Lair:2:   layout_regular_city, guppyfry_snake_entry_island,
          kennysheep_snail_temple, grunt_megastairs_1
Lair:3:   layout_long_grid, elwin_shoals_entry_rocks,
          kennysheep_catoblepas_arena, uniq_snorg, uniq_gastronok
Lair:4:   layout_loops_ring, slime_entry_2, grunt_megastairs_3
Lair:5:   evilmike_catoblepas_cave, layout_regular_city, gauntlet_entry_generic,
          grunt_forest_large_clearing_hut, lemuel_fruit_tree, grunt_megastairs_2
Shoals:1: layout_shoals
Shoals:2: layout_shoals, serial_nicolae_subway, nicolae_sub_station_crystal,
          nicolae_sub_station_metal, nicolae_sub_station_stone
Shoals:3: cheibrodos_shoals_three_sisters, layout_shoals
Shoals:4: shoals_end_grunt_ice, layout_shoals, nicolae_shoals_secluded_bog,
          uniq_mara, uniq_aizul, uniq_donald
Snake:1:  layout_rooms, serial_shops, shop, nicolae_shop_tiny_statue_garden,
          shop, nicolae_shop_gibbet_a_chance, nicolae_shop_back_alley_shop
Snake:2:  layout_chambers, basic_altar, grunt_megastairs_4, minmay_shop_grove
Snake:3:  layout_concentric_octagons, serial_shops, nicolae_shop_hallway_plus,
          minmay_shoptagon, uniq_saint_roka
Snake:4:  johnstein_snake_rune_scales, layout_layer_cave, minmay_snake_pond
Orc:1:    layout_caves
Orc:2:    kennysheep_orc_mage_school, layout_diamond_mine, basic_altar,
          serial_shops, shop
Elf:1:    layout_geoelf_diagonals, serial_shops, shop, minmay_elf_necromancy,
          uniq_kirke
Elf:2:    elven_hall_of_blades_hangedman_original
          [nicolae_blade_entry_pointy_end], layout_geoelf_diagonals,
          serial_shops, bzr_entry_dummy, shop, nicolae_shop_tiny_glass,
          uniq_nikola
Elf:3:    minmay_elf_hall, layout_loops_cross, serial_shops,
          nicolae_shop_advertising_works [nicolae_subvault_shop_adworks],
          ebering_ghost_reflecting_pool, minivault_24
Vaults:1: portal_desolation_entry_holy_temple, v_misc_29, v_misc_22,
          hangedman_vaults_nails, vaults_room_pool,
          nicolae_vaults_tetromino_T_2, layout_vaults_omnigrid, serial_shops,
          shop
Vaults:2: vaults_dpeg_doors, nicolae_vaults_door_testing_chamber,
          minmay_crypt_entry_necro_gods, nicolae_vaults_tangram_1, v_misc_18,
          hellmonk_guarded_unrand_gong, nicolae_vaults_house_3,
          nicolae_vaults_big_ls, vaults_room_ringed_pool,
          nicolae_vaults_little_squares_4, vaults_standard_mumra_lines,
          ontoclasm_vaults_spin, layout_vaults_omnibox, serial_shops,
          nicolae_shop_tiny_glass, uniq_sojobo
Vaults:3: v_misc_8, nicolae_vaults_trapezoid_1, hangedman_vaults_slice,
          nicolae_vaults_stairing_the_circle, hangedman_vaults_corner,
          hangedman_vaults_stitches, vaults_room_pools,
          nicolae_vaults_closet_pinwheel_6, ontoclasm_vaults_ring_square,
          ontoclasm_vaults_loading_screen, nicolae_vaults_crenellated_ambush,
          layout_vaults_omnicross
Vaults:4: nicolae_vaults_twisting_passages, nicolae_vaults_double_plus_1,
          ontoclasm_vaults_echo, v_pattern_5, dpeg_vaults_monster_row,
          v_misc_28, vaults_dpeg_diagonal, nicolae_vaults_house_1,
          nicolae_vaults_variable_pillar_hall, hangedman_vaults_snaps,
          layout_vaults_ring
Vaults:5: uniq_mennas, uniq_margery
Crypt:1:  layout_basic
Crypt:2:  layout_gridlike, lemuel_upstairs_altar
Crypt:3:  due_elkab, layout_chaotic_city, basic_altar, uniq_bai_suzhen
Depths:1: layout_gridville, enter_ziggurat_e, serial_sigils_hangedman_quiver,
          serial_shops, nicolae_shop_rolled_up, nicolae_shop_tiny_waterfront,
          shop, nicolae_shop_stone, shop, hell_entry, abyss_entry,
          lemuel_flame_loot_1
Depths:2: kennysheep_big_flooded_room, layout_gridville, abyss_entry,
          nemelex_xobeh_ov_fountains_minmay, hell_entry, grunt_pan_entry_spiral,
          hangedman_research_electronics, serial_bayou_shore_b,
          minmay_staircase_bubble
Depths:3: gammafunk_dig_for_victory, layout_cave_shapes,
          minmay_misc_feat_ornament, abyss_entry, rand_demon_pan_entry_1,
          hangedman_coc_ice_floe, uniq_parghit, uniq_vv
Depths:4: grunt_zot_entry_hairpin, layout_cave_shapes, hell_entry,
          nicolae_abyss_entry_one_way_or_another, serial_shops, bzr_entry_dummy,
          shop, shop_fountains, shop, grunt_decor_one_mirror
Zot:1:    layout_gridlike, grunt_ministairs_2, st_stairs_5,
          lemuel_baited_zot_trap
Zot:2:    layout_onion_interference, hangedman_swamp_dais, grunt_megastairs_5
Zot:3:    layout_gridlike, basic_altar
Zot:4:    layout_gridville, grunt_ministairs_13
Zot:5:    layout_basic

Skill      XL: |  1  2  3  4  5  6  7  8  9 10 11 12 13 14 15 16 17 18 19 20 21 22 23 24 25 26 |
---------------+-------------------------------------------------------------------------------+-----
Spellcasting   | 3 4 5 6 8 10 12 15 16 18 20 22 | 22.0
Conjurations   | 1 3 4 5 7 10 12 14 15 | 15.4
Fighting       | 2 3 6 8 10 12 14 15 16 18 20 22 25 27 | 27.0
Earth Magic    | 4 5 7 9 11 12 14 15 17 20 22 23 24 | 24.0
Air Magic      | 2 |  2.0
Poison Magic   | 2 6 8 |  8.0
Dodging        | 4 5 |  5.0
Evocations     | 5 6 7 8 12 13 | 13.0
Short Blades   | 4 6 |  6.0
Transmutations | 4 5 |  5.0
Stealth        | 4 |  4.0
Fire Magic     | 4 10 14 | 14.0
Summonings     | 8 |  8.0
Necromancy     | 5 6 10 | 10.0
Shields        | 7 10 | 10.0

Action                     |  1- 3 |  4- 6 |  7- 9 | 10-12 | 13-15 | 16-18 | 19-21 | 22-24 | 25-27 || total
---------------------------+-------+-------+-------+-------+-------+-------+-------+-------+-------++-------
  Melee: Unarmed           |     7 |       |       |       |       |       |       |       |       ||     7
         Tailslap          |     5 |     6 |    11 |    73 |   103 |    34 |    21 |     5 |       ||   258
         Dagger            |    15 |    31 |    76 |   340 |   392 |    63 |       |       |       ||   917
         Punch             |       |       |     2 |       |       |       |       |       |       ||     2
         Long sword        |       |       |       |       |    48 |    59 |    72 |    10 |     3 ||   192
         Staff             |       |       |       |       |       |       |    10 |       |       ||    10
   Cast: Sandblast         |    55 |    48 |     7 |     2 |       |       |       |       |       ||   112
         Stone Arrow       |       |    16 |    97 |   192 |   202 |    98 |     2 |       |       ||   607
         Mephitic Cloud    |       |       |       |     5 |     2 |       |       |       |       ||     7
         Petrify           |       |       |       |    32 |    53 |     8 |     2 |       |       ||    95
         Olgreb's Toxic Ra |       |       |       |    31 |   245 |   111 |    35 |       |       ||   422
         Leda's Unmaking   |       |       |       |       |    82 |   246 |    21 |     4 |     1 ||   354
         Starburst         |       |       |       |       |    17 |     6 |     7 |       |       ||    30
         Irradiate         |       |       |       |       |     4 |     5 |     6 |     4 |       ||    19
         Spellforged Servi |       |       |       |       |       |    97 |   109 |    38 |    34 ||   278
         Blink             |       |       |       |       |       |     2 |       |       |       ||     2
         Sublimation of Bl |       |       |       |       |       |     5 |     1 |     9 |    20 ||    35
         Lehudib's Crystal |       |       |       |       |       |     3 |   231 |   154 |   115 ||   503
         Ignition          |       |       |       |       |       |       |    48 |    26 |       ||    74
         Shatter           |       |       |       |       |       |       |       |   293 |   272 ||   565
         Apportation       |       |       |       |       |       |       |       |       |     1 ||     1
Ability: Breathe Fire      |       |       |     9 |    20 |    17 |     3 |     1 |       |     1 ||    51
  Evoke: Phial of floods   |       |       |       |     1 |       |       |       |       |       ||     1
         Wand              |       |       |       |       |     2 |     1 |     1 |     1 |       ||     5
         Phantom mirror    |       |       |       |       |       |     1 |       |       |       ||     1
    Use: Scroll            |       |     5 |    11 |     6 |    10 |     4 |     4 |     2 |     5 ||    47
         Potion            |       |       |       |     1 |       |       |       |     4 |       ||     5
   Stab: Sleeping          |       |       |     1 |     5 |     1 |       |       |       |       ||     7
         Petrified         |       |       |       |    38 |    92 |    11 |       |       |       ||   141
         Confused          |       |       |       |     3 |       |       |       |       |       ||     3
         Petrifying        |       |       |       |    12 |    19 |     3 |       |       |       ||    34
         Distracted        |       |       |       |       |       |       |     1 |     1 |       ||     2
 Armour: Skin              |    11 |    15 |    53 |   219 |   247 |   176 |   148 |    77 |    34 ||   980
  Dodge: Dodged            |    16 |    33 |    49 |   309 |   443 |   223 |   169 |    56 |    24 ||  1322
  Block: Buckler           |       |       |       |    53 |    75 |    47 |    29 |    10 |       ||   214
         Reflection        |       |       |       |       |       |       |     1 |     2 |       ||     3
         Kite shield       |       |       |       |       |       |       |       |   141 |    91 ||   232

Table legend: (Time is in decaauts)
 A = Elapsed time spent in this place.
 B = Non-inter-level travel time spent in this place.
 C = Inter-level travel time spent in this place.
 D = Time resting spent in this place.
 E = Time spent auto-exploring this place.
 F = Levels seen in this place.
 G = Mean time per level.
                   A        B        C        D        E       F      G
               +--------+--------+--------+--------+--------+-----+--------+
         Total | 101557 |  95011 |   6546 |  50459 |  27707 |  52 | 1953.0 |
       Dungeon |  21488 |  19420 |   2068 |   8445 |   7478 |  15 | 1432.5 |
          Lair |  10823 |  10195 |    628 |   4979 |   2806 |   5 | 2164.6 |
        Shoals |   7730 |   7358 |    372 |   3982 |   1984 |   4 | 1932.5 |
     Snake Pit |  11499 |  11149 |    350 |   6568 |   2740 |   4 | 2874.8 |
  Orcish Mines |   2529 |   2322 |    207 |    941 |    870 |   2 | 1264.5 |
   Elven Halls |   4920 |   4667 |    253 |   2288 |   1364 |   3 | 1640.0 |
        Vaults |  12227 |  10916 |   1311 |   5717 |   3604 |   5 | 2445.4 |
         Crypt |   5833 |   5678 |    155 |   2970 |   1987 |   3 | 1944.3 |
        Depths |   8783 |   8057 |    726 |   4568 |   2379 |   4 | 2195.8 |
           Zot |  12246 |  11775 |    471 |   7757 |   2214 |   5 | 2449.2 |
      Ice Cave |   1161 |   1161 |      0 |    861 |     43 |   1 | 1161.0 |
    Desolation |   2312 |   2312 |      0 |   1382 |    238 |   1 | 2312.0 |
               +--------+--------+--------+--------+--------+-----+--------+

Top non-repeatable levels by time:
 Snake:4: 3937 daAuts
   Zot:5: 3437 daAuts
Vaults:2: 3409 daAuts
Depths:2: 3231 daAuts
    D:15: 3039 daAuts
Vaults:4: 2960 daAuts
 Snake:3: 2946 daAuts
Depths:4: 2873 daAuts
   Zot:3: 2775 daAuts
   Zot:4: 2693 daAuts
 Snake:2: 2489 daAuts
  Lair:5: 2440 daAuts
  Lair:3: 2391 daAuts
Vaults:1: 2337 daAuts
Desolation: 2312 daAuts
